 Dungeon Crawl Stone Soup version 0.20.1-1-g8b1a95d (webtiles) character file.

20 polve the Skirmisher (level 2, 0/24 HPs)
             Began as a Demonspawn Abyssal Knight on July 26, 2017.
             Was a Follower of Lugonu.
             Slain by a hobgoblin
             ... wielding a +0 club
              (2 damage)
             ... on level 1 of the Dungeon.
             The game lasted 00:00:42 (578 turns).

polve the Skirmisher (Demonspawn Abyssal Knight)     Turns: 578, Time: 00:00:43

Health: 0/24       AC:  3    Str: 12    XL:     2   Next: 58%
Magic:  3/3        EV: 11    Int: 13    God:    Lugonu [*.....]
Gold:   46         SH:  0    Dex: 12    Spells: 1/1 levels left

rFire    . . .     SeeInvis .   a - +1 falchion
rCold    . . .     Gourm    .   (no shield)
rNeg     . . .     Faith    .   b - +0 leather armour
rPois    .         Spirit   .   (helmet restricted)
rElec    .         Reflect  .   (no cloak)
rCorr    .         Harm     .   (no gloves)
MR       .....                  (no boots)
Stlth    +.........             (no amulet)
Regen    0.1/turn               (no ring)
MPRegen  0.1/turn               (no ring)

@: no status effects
A: antennae 1
a: Depart the Abyss, Renounce Religion


You were on level 1 of the Dungeon.
You worshipped Lugonu.
Lugonu was aware of your devotion.
You were not hungry.

You visited 1 branch of the dungeon, and saw 1 of its levels.
You visited the Abyss 1 time.

You collected 46 gold pieces.

Inventory:

Hand Weapons
 a - a +1 falchion (weapon)
Armour
 b - a +0 leather armour (worn)
 e - a +0 pair of gloves
Potions
 d - a potion of heal wounds {unknown}
 h - a potion of degeneration {unknown}
Comestibles
 c - a bread ration
 f - 4 chunks of flesh
 g - 5 fruits


   Skills:
 - Level 3.0 Fighting
 + Level 2.9 Long Blades
 - Level 1.7 Armour
 - Level 0.8 Dodging
 - Level 2.4 Invocations


You had one spell level left.
You didn't know any spells.

Dungeon Overview and Level Annotations

Branches:
Dungeon (1/15)

Altars:


Innate Abilities, Weirdness & Mutations

You have a pair of small antennae on your head.


Message History

The giant cockroach bites you but does no damage.
The jackal bites you but does no damage. x2
The rat barely misses you.
You hit the jackal.
You kill the jackal!
Lugonu accepts your kill. The hobgoblin completely misses you.
The giant cockroach barely misses you.
You riposte.
You hit the giant cockroach.
You kill the giant cockroach!
Lugonu accepts your kill.
The jackal bites you but does no damage.
The jackal barely misses you. The jackal bites you.
* * * LOW HITPOINT WARNING * * *
The rat bites you.
* * * LOW HITPOINT WARNING * * *
You closely miss the jackal. The bat hits you but does no damage.
The bat barely misses you. The jackal bites you.
* * * LOW HITPOINT WARNING * * *
The jackal closely misses you. The hobgoblin hits you with a club.
You die...

... #..#... # .....#
######รท#... # ......
#...##..... # ......
+# #...###.... #
.....##.
####.......... #
#..?... #.............
#
#....g###(....#.......
#
+...ghh.'.....+.....>#
.
#..hh@###.....########
## #...rb# #.....#
##....# #.....# #....#
#.....# #....# #.....#
#....# #.....# #....#
####### #....#


You could see 4 jackals, 2 hobgoblins, a bat and a rat.

Vanquished Creatures
  3 dart slugs (D:1)
  2 giant cockroaches (D:1)
  A goblin (D:1)
  A hobgoblin (D:1)
  2 jackals (D:1)
  A frilled lizard (D:1)
  2 kobolds (D:1)
  2 rats (D:1)
14 creatures vanquished.

Vanquished Creatures (others)
  5 starspawn tentacles (Abyss:1)
5 creatures vanquished.

Grand Total: 19 creatures vanquished

Notes
Turn   | Place    | Note
-------+----------+-------------------------------------------
     0 | Abyss:1  | polve the Demonspawn Abyssal Knight began the quest for the Orb.
     0 | Abyss:1  | Reached XP level 1. HP: 18/18 MP: 2/2
    71 | Abyss:1  | Noticed a tentacled starspawn
    76 | Abyss:1  | Noticed an eight-headed hydra skeleton
    88 | Abyss:2  | Found a corrupted altar of Lugonu.
   188 | Abyss:2  | Noticed a small abomination
   189 | Abyss:2  | Noticed a glowing orange brain
   202 | Abyss:2  | Noticed a raiju
   203 | Abyss:2  | Noticed a small abomination
   203 | Abyss:2  | Noticed a raiju
   203 | Abyss:2  | Noticed a raiju
   204 | D:1      | Escaped the Abyss
   421 | D:1      | Gained mutation: You have a pair of small antennae on your head. [demonic ancestry]
   421 | D:1      | Reached XP level 2. HP: 24/24 MP: 3/3
   571 | D:1      | Reached * piety under Lugonu
   578 | D:1      | Slain by a hobgoblin

Skill      XL: |  1 |
---------------+----+-----
Long Blades    | 2 |  2.9
Fighting       | |  3.0
Armour         | |  1.7
Dodging        | |  0.8
Invocations    | |  2.4

Action                   || total
-------------------------++-------
Melee: Falchion          ||    44
Invok: Depart the Abyss  ||     1
 Stab: Sleeping          ||     2
Armor: Leather armour    ||    18
Dodge: Dodged            ||    42
       Rpst.: Falchion   ||    17
